AoeStats
← 874891765

Arabia

505422827Analyzed
2v2 RM · 24d ago on Sep 9, 2026· 50m 32s· 4 players
Game mode
Random Map
Map size
Medium (4 player)
Population
200
Speed
Normal
Resources
Standard
Victory
Conquest
Starting age
Dark Age
Ending age
Imperial Age
RankedLock teamsTeams togetherTeam positionsShared explorationLock speedFull tech treeHidden civsTurbo modeCheats
Victory
Defeat
🇩🇪 Britons · Germany
944
+16
🇫🇷 Italians · France
856
+20
🇦🇺 Franks · Australia
981
-19
🇨🇳 Chinese · China
919
-48
Jedda
3:48 Loom
10:41 Feudal Age
15:09 Fletching
25:10 Castle Age
23:33 Double-Bit Axe
24:28 Stone Mining
24:47 Padded Archer Armor
26:30 Bow Saw
25:48 Crossbowman
27:25 Horse Collar
29:16 Pikeman
30:50 Bodkin Arrow
32:27 Ballistics
33:03 Leather Archer Armor
33:46 Yeomen
33:49 Gold Mining
35:30 Wheelbarrow
40:13 Imperial Age
37:16 Elite Skirmisher
40:05 Heavy Plow
40:35 Caravan
41:17 Conscription
40:20 Arbalester
41:25 Warwolf
41:42 Bracer
41:53 Siege Engineers
43:22 Two-Man Saw
44:20 Halberdier
45:02 Squires
45:14 Forging
46:44 Ring Archer Armor
46:15 Scale Mail Armor
46:33 Hand Cart
46:06 Town Watch
48:21 Iron Casting
50:50 Chain Mail Armor
51:36 Blast Furnace
herino.martin
10:32 Feudal Age
11:30 Double-Bit Axe
11:38 Horse Collar
18:59 Castle Age
17:32 Fletching
17:45 Scale Mail Armor
17:46 Padded Archer Armor
17:55 Gold Mining
17:55 Stone Mining
18:02 Stone Mining
19:57 Wheelbarrow
20:00 Bow Saw
19:52 Heavy Plow
23:16 Stone Shaft Mining
24:33 Squires
23:55 Man-at-Arms
26:26 Wheelbarrow
27:53 Hand Cart
32:07 Imperial Age
30:46 Thumb Ring
30:04 Crossbowman
31:15 Bodkin Arrow
31:36 Leather Archer Armor
31:15 Elite Skirmisher
34:07 Two-Man Saw
32:38 Arbalester
35:21 Ring Archer Armor
34:52 Bracer
35:11 Pirotechnia
35:32 Conscription
38:17 Forging
37:52 Long Swordsman
37:53 Pikeman
40:28 Iron Casting
40:11 Chain Mail Armor
40:03 Scale Barding Armor
42:20 Blast Furnace
41:29 Two-Handed Swordsman
43:23 Plate Mail Armor
43:14 Chain Barding Armor
43:39 Hoardings
43:26 Silk Road
42:28 Elite Genoese Crossbowman
45:50 Ballistics
47:14 Chemistry
jd58424
6:55 Loom
9:36 Feudal Age
19:40 Castle Age
874891765
12:39 Feudal Age
13:28 Double-Bit Axe
21:30 Castle Age
21:10 Bloodlines
21:24 Forging
21:42 Light Cavalry
24:19 Bow Saw
24:05 Fletching
24:40 Scale Barding Armor
28:02 Horse Collar
30:20 Town Watch
30:35 Gold Mining
34:17 Imperial Age
33:41 Ballistics
33:18 Bodkin Arrow
33:24 Padded Archer Armor
34:17 Padded Archer Armor
35:33 Conscription
35:08 Elite Chu Ko Nu
36:38 Leather Archer Armor
37:07 Husbandry
37:14 Bracer
40:54 Ring Archer Armor
41:56 Iron Casting
41:43 Chain Barding Armor
42:56 Town Patrol
44:24 Two-Man Saw
44:52 Plate Barding Armor
46:20 Blast Furnace
Connection lost

Rejoining the realm…

Still unreachable

The connection could not be restored.

Session expired

The server has moved on; the page needs a fresh start.